 Dungeon Crawl Stone Soup version 0.28.0-43-g3370ac3207 (webtiles) character file.

Game seed: 11269585225426432818

131 crimpus the Covered (level 4, 0/38 HPs)
             Began as a Demigod Fighter on Mar 11, 2022.
             Succumbed to a goblin's poison
             ... on level 2 of the Dungeon.
             The game lasted 00:02:16 (953 turns).

crimpus the Covered (Demigod Fighter)                Turns: 953, Time: 00:02:16

Health: 0/38       AC:  6    Str: 21    XL:     4   Next: 61%
Magic:  6/6        EV:  9    Int: 10    God:
Gold:   60         SH:  4    Dex: 13    Spells: 3/3 levels left

rFire   . . .      SeeInvis .   a - +0 flail
rCold   . . .      Faith    .   c - +0 buckler
rNeg    . . .      Spirit   .   b - +0 scale mail
rPois   .          Reflect  .   (no helmet)
rElec   .          Harm     .   (no cloak)
rCorr   .          Rampage  .   (no gloves)
Will    .....                   (no boots)
Stlth   ..........              (no amulet)
HPRegen 0.12/turn               (no ring)
MPRegen 0.10/turn               (no ring)

@: lethally poisoned (0 -> -4)
A: high MP 1, forlorn, divine attributes
a: no special abilities


You were on level 2 of the Dungeon.
You visited 1 branch of the dungeon, and saw 2 of its levels.

You collected 60 gold pieces.

Inventory:

Hand Weapons
 a - a +0 flail (weapon)
Armour
 b - a +0 scale mail (worn)
 c - a +0 buckler (worn)
Scrolls
 g - 3 scrolls of identify {unknown}
 h - a scroll of teleportation {unknown}
 j - a scroll of enchant weapon {unknown}
 k - a scroll of fog {unknown}


   Skills:
 + Level 3.2 Fighting
 + Level 3.1 Maces & Flails
 + Level 3.5 Armour
 + Level 3.2 Shields


You had 3 spell levels left.
You didn't know any spells.
Your spell library was empty.

Dungeon Overview and Level Annotations

Branches:
Dungeon (2/15)

Annotations:
D:2 Robin


Innate Abilities, Weirdness & Mutations

You have an increased reservoir of magic. (+10% MP)
You shall have no god before yourself.
Your divine heritage dramatically boosts your attributes as you level up.


Message History

You closely miss the goblin.
You feel very sick. The goblin hits you but does no damage.
The goblin closely misses you.
You closely miss the goblin.
You feel sick. The goblin hits you but does no damage.
You are more poisoned.
You hit the goblin.
The goblin is moderately wounded.
You feel very sick. The goblin hits you but does no damage.
You closely miss the goblin.
The goblin is moderately wounded.
You feel sick. The goblin closely misses you.
The goblin hits you with a +2 dagger of venom.
You barely miss the goblin.
The goblin is moderately wounded.
You feel sick.
The goblin hits you with a +2 dagger of venom.
You are more poisoned.
You closely miss the goblin.
The goblin is moderately wounded.
You feel very sick. The goblin hits you but does no damage.
You are lethally poisoned!
You are too injured to fight recklessly!
You are too injured to fight recklessly!
You feel very sick.
* * * LOW HITPOINT WARNING * * *
You feel very sick.
* * * LOW HITPOINT WARNING * * *
You feel very sick.
* * * LOW HITPOINT WARNING * * *
You feel very sick.
* * * LOW HITPOINT WARNING * * *
You feel sick.
* * * LOW HITPOINT WARNING * * *
You feel sick.
* * * LOW HITPOINT WARNING * * *
You feel sick.
You die...

## #.. ##.######### #.#
...........# #.# ..
......#.#.#### #.# #. #
...........gK## #.# ..
#>#.###.#.#g###)###.#### . #.
#.#.# #.g.g.# #.K......# .#
##.##...# #.###.###g.##g#...
.#####...#...###@####............
.#.....#.†..#.............##g#g..
.#.# #.....###...###########.##Kg
.#.####.#...#...<# ... .g
....)............# #.. g
...####..........# #..
.....##..........# ....
####.###..#.##.### ##
.###..#.##.#


You could see a goblin.

Vanquished Creatures
  A necrophage (D:2)
  An adder (D:2)
  A dart slug (D:1)
  5 endoplasms
  2 giant cockroaches (D:1)
  3 goblins
  5 hobgoblins
  A quokka (D:1)
  2 ball pythons (D:1)
  3 bats
  A frilled lizard (D:1)
  3 kobolds
  5 rats
33 creatures vanquished.

Notes
Turn   | Place    | Note
-------+----------+-------------------------------------------
     0 | D:1      | crimpus the Demigod Fighter began the quest for the Orb.
     0 | D:1      | Reached XP level 1. HP: 18/18 MP: 3/3
   294 | D:1      | Reached XP level 2. HP: 25/25 MP: 4/4
   814 | D:2      | Reached XP level 3. HP: 29/31 MP: 5/5
   852 | D:2      | Noticed a necrophage
   872 | D:2      | Killed a necrophage
   873 | D:2      | Reached XP level 4. HP: 38/38 MP: 6/6
   927 | D:2      | Noticed Robin
   952 | D:2      | HP: 1/38 [poisoned by a goblin]
   953 | D:2      | Succumbed to a goblin's poison

Illustrated notes

Levels and vault maps discovered:
D:1:      dpeg_arrival_long_road, layout_basic,
          dreamdust_ecumenical_altar_statues, nrook_mini_vaults,
          nrook_loot_triangle, minmay_tromino_i4
D:2:      layout_loops_ring, uniq_robin, uniq_natasha

Skill      XL: |  1  2  3 |
---------------+----------+-----
Armour         | 3 |  3.5
Shields        | 3 |  3.2
Fighting       | 3 |  3.2
Maces & Flails | 2 3 |  3.1

Action                   |  1- 3 |  4- 6 || total
-------------------------+-------+-------++-------
Melee: Flail             |    66 |    18 ||    84
  Use: Potion            |     4 |       ||     4
Armor: Scale mail        |    39 |     5 ||    44
       Skin              |     3 |     2 ||     5
Dodge: Dodged            |    38 |     6 ||    44
Block: Buckler           |    17 |     1 ||    18
